 Seeded DCSS version 0.29-a0-360-g8ed1089bbe (webtiles) character file.

Game seed: 9333529537487618972 (custom seed)

28 klau3 the Skirmisher (level 3, 33/34 HPs)
             Began as a Minotaur Berserker on Apr 28, 2022.
             Was a Believer of Trog.
             Quit the game on level 2 of the Dungeon.
             The game lasted 00:04:05 (850 turns).

klau3 the Skirmisher (Minotaur Berserker)            Turns: 850, Time: 00:04:06

Health: 33/34      AC:  5    Str: 23    XL:     3   Next: 0%
Magic:  2/2        EV: 11    Int:  4    God:    Trog [**....]
Gold:   41         SH:  0    Dex:  9    Spells: 2/2 levels left

rFire   . . .      SeeInvis .   a - +0 hand axe
rCold   . . .      Faith    .   (no shield)
rNeg    . . .      Spirit   .   f - +0 ring mail
rPois   .          Reflect  .   (helmet restricted)
rElec   .          Harm     .   (no cloak)
rCorr   .          Rampage  .   (no gloves)
Will    .....                   (no boots)
Stlth   +.........              (no amulet)
HPRegen 0.11/turn               (no ring)
MPRegen 0.08/turn               (no ring)

@: no status effects
A: horns 2, retaliatory headbutt
a: Renounce Religion, Berserk, Trog's Hand


You were on level 2 of the Dungeon.
You worshipped Trog.
Trog was pleased with you.
You visited 1 branch of the dungeon, and saw 2 of its levels.

You collected 41 gold pieces.

Inventory:

Hand Weapons
 a - a +0 hand axe (weapon)
 g - a +0 whip of venom
Missiles
 k - 6 poisoned darts (quivered)
Armour
 b - a +0 animal skin
 f - a +0 ring mail (worn)
Jewellery
 n - a ring of fire
Scrolls
 j - a scroll of immolation {unknown}
Potions
 c - a potion of haste {unknown}
 d - 2 potions of attraction {unknown}
 e - a potion of magic {unknown}
 h - a potion of invisibility {unknown}
 i - a potion of brilliance {unknown}
 l - a potion of mutation {unknown}
 m - a potion of curing {unknown}


   Skills:
 + Level 4.3 Fighting
 + Level 4.0 Axes
 + Level 2.6 Armour
 + Level 2.3 Dodging
 + Level 0.5 Stealth


You had 2 spell levels left.
You didn't know any spells.
Your spell library was empty.

Dungeon Overview and Level Annotations

Branches:
Dungeon (2/15)

Altars:


Innate Abilities, Weirdness & Mutations

You have a pair of horns on your head.
You reflexively headbutt those who attack you in melee.


Message History

The goblin hits you with a +0 dagger.
You see here a ball python corpse.
You hit the goblin.
You kill the goblin!
Trog accepts your kill.
You see here a +0 dagger.
You see here a +0 dagger.
You see here a ball python corpse.
You open the door.
Found 8 gold pieces.
m - a fuming brown potion You now have 41 gold pieces (gained 8).
HP restored.
You see here 18 stones.
You see here a +0 dagger.
Things that are here:
a +0 dagger; a goblin corpse
Found a stone staircase leading down.
There is an open door here.
Done exploring.
Done exploring.
There is an open door here.
There is a stone staircase leading down here.
You climb downwards.
Found a twisted tourmaline ring and 4 gold pieces.
There is a stone staircase leading up here.
Found a fizzy black potion.
The bat barely misses you.
You see here a ring of fire.
n - a ring of fire The bat hits you but does no damage. x2
You closely miss the bat. Your headbutt misses the bat. The bat hits you.
The bat misses you. You furiously retaliate!
You headbutt the bat!
You kill the bat!
Trog accepts your kill.
You have reached level 3!
Your experience leads to an increase in your attributes!
Increase (S)trength, (I)ntelligence, or (D)exterity?
You feel stronger. x2
There is a stone staircase leading up here.
Are you sure you want to abandon this character and quit the game? (Confirm with "yes".)

....# ...$#
. .... ..
#... ...
#..# ...
...###..# .!
..w.....##.#
#@...#
######


You could see a worm.

Vanquished Creatures
  5 ball pythons (D:1)
  8 bats
  3 endoplasms (D:1)
  2 goblins (D:1)
  3 frilled lizards (D:1)
  3 kobolds (D:1)
  2 rats (D:1)
26 creatures vanquished.

Notes
Turn   | Place    | Note
-------+----------+-------------------------------------------
     0 | D:1      | klau3 the Minotaur Berserker began the quest for the Orb.
     0 | D:1      | Reached XP level 1. HP: 19/19 MP: 0/0
   116 | D:1      | Found a faded altar of an unknown god.
   160 | D:1      | Reached XP level 2. HP: 19/27 MP: 1/1
   641 | D:1      | Reached ** piety under Trog
   850 | D:2      | Reached XP level 3. HP: 33/34 MP: 2/2
   850 | D:2      | Quit the game

Illustrated notes

Levels and vault maps discovered:
D:1:      dpeg_arrival_three_same_balls, layout_basic, basic_ecumenical_altar
D:2:      layout_rooms

Skill      XL: |  1  2 |
---------------+-------+-----
Fighting       | 4 |  4.3
Axes           | 4 |  4.0
Armour         | |  2.6
Dodging        | |  2.3
Stealth        | |  0.5

Action                   || total
-------------------------++-------
Melee: Hand axe          ||    45
       Headbutt          ||     6
 Stab: Sleeping          ||     1
Armor: Ring mail         ||    25
       Animal skin       ||     1
Dodge: Dodged            ||    37

Table legend: (Time is in decaauts)
 A = Elapsed time spent in this place.
 B = Non-inter-level travel time spent in this place.
 C = Inter-level travel time spent in this place.
 D = Time resting spent in this place.
 E = Time spent auto-exploring this place.
 F = Levels seen in this place.
 G = Mean time per level.
                   A        B        C        D        E       F      G
               +--------+--------+--------+--------+--------+-----+--------+
         Total |    854 |    849 |      5 |      0 |    114 |   2 |  427.0 |
       Dungeon |    854 |    849 |      5 |      0 |    114 |   2 |  427.0 |
               +--------+--------+--------+--------+--------+-----+--------+

Top non-repeatable levels by time:
     D:1: 850 daAuts
     D:2: 4 daAuts
